 Dungeon Crawl Stone Soup version 0.28-a0-706-gf6f64a616a (webtiles) character file.

Game seed: 13506183578260993942

0 spiderkeys the Ducker (level 1, -12/13 HPs)
             Began as a Deep Elf Abyssal Knight on Oct 25, 2021.
             Was a Follower of Lugonu.
             Mangled by a tentacled starspawn (19 damage)
             ... on level 3 of the Abyss.
             The game lasted 00:00:30 (134 turns).

spiderkeys the Ducker (Deep Elf Abyssal Knight)      Turns: 134, Time: 00:00:31

Health: -12/13     AC:  3    Str: 10    XL:     1   Next: 0%
Magic:  4/4        EV: 12    Int: 14    God:    Lugonu [*.....]
Gold:   0          SH:  0    Dex: 15    Spells: 0/0 levels left

rFire   . . .      SeeInvis .   a - +1 falchion
rCold   . . .      Faith    .   (no shield)
rNeg    . . .      Spirit   .   b - +0 leather armour
rPois   .          Reflect  .   (no helmet)
rElec   .          Harm     .   (no cloak)
rCorr   .          Rampage  .   (no gloves)
Will    +....                   (no boots)
Stlth   +.........              (no amulet)
HPRegen 0.04/turn               L - ring of flight
MPRegen 0.09/turn               d - ring of willpower

@: flying
A: no striking features
a: Renounce Religion, Depart the Abyss


You were on level 3 of the Abyss.
You worshipped Lugonu.
Lugonu was aware of your devotion.
You visited 0 branches of the dungeon, and saw 0 of its levels.
You visited the Abyss 1 time.


   Skills:
 + Level 2.4 Fighting
 + Level 1.7 Long Blades
 + Level 0.7 Armour
 + Level 2.4 Dodging
 + Level 2.0 Invocations


You couldn't memorise any spells.
You didn't know any spells.
Your spell library was empty.

Inventory:

Hand Weapons
 a - a +1 falchion (weapon)
Armour
 b - a +0 leather armour (worn)
Jewellery
 d - a ring of willpower (right hand)
   (You found it on level 2 of the Abyss)
 L - a ring of flight (left hand)
   (You found it on level 1 of the Abyss)
Scrolls
 c - a scroll of brand weapon {unknown}

Dungeon Overview and Level Annotations

Branches:
Dungeon (0/15)

Altars:

.............
#............
.##............
...#$.......... ...
#..#............
..#.................
#.. ..#............
.#.. #.....w@...[...
.......#..Xw.......
# ....w.#...........
.#.. .......###.....
# ...#8.8#..........
...│...⌠.#.......##.
...│..8.8#......≈#
....\##│#.###...≈≈≈
.....─w..#.# #..#.≈


You could see a tentacled starspawn and 2 starspawn tentacles.


Message History

🤖 Initializing magus.rc ... ✅ Successfully initialized magus.rc [v1.9.10] Welcome, spiderkeys the Deep Elf Abyssal Knight.
You feel drawn to the Orb of Zot, downwards into the unfathomable depths...
Lugonu says: Depart the Abyss and spread corruption, my servant! (use the ability menu to exit the Abyss) Press ? for a list of commands and other information.
Found a corrupted altar of Lugonu.
L - a ring of flight You fly up into the air.
L - a ring of flight (left hand)
You are suddenly pulled into a different region of the Abyss!
c - a scroll labelled WAOCEMNARA
Found a gateway leading deeper into the Abyss.
There is a gateway leading deeper into the Abyss here.
Found a corrupted altar of Lugonu.
There is a gateway leading deeper into the Abyss here.
You plunge deeper into the Abyss.
Found a mace.
Found a gateway leading deeper into the Abyss.
d - a ring of willpower
d - a ring of willpower (right hand)
There is a gateway leading deeper into the Abyss here.
You plunge deeper into the Abyss.
The abyssal rune of Zot can be found at this depth.
Found a gateway leading deeper into the Abyss.
Tentacles burst from the starspawn's body! 2 starspawn tentacles come into view.
The starspawn tentacle completely misses you.
The starspawn tentacle grabs you.
The starspawn tentacle constricts you. 😕 HP[-3]
You take 3 damage, and now have 10/13 hp.
MASSIVE DAMAGE!! (PAUSE)
You escape the starspawn tentacle's grasp.
A tentacle flies out from the starspawn's body!
A starspawn tentacle comes into view.
The starspawn tentacle closely misses you.
The starspawn tentacle grabs you.
The starspawn tentacle constricts you. 😮 HP[-3]
You take 3 damage, and now have 7/13 hp.
MASSIVE DAMAGE!! (PAUSE)
You escape the starspawn tentacle's grasp.
There is a gateway leading deeper into the Abyss here.
The tentacled starspawn bites you!!
Ouch! That really hurt!
You die...

Action                   || total
-------------------------++-------
Dodge: Dodged            ||     2

Levels and vault maps discovered:
Abyss:3:  base:
Temple

Notes
Turn   | Place    | Note
-------+----------+-------------------------------------------
     0 | Abyss:1  | spiderkeys the Deep Elf Abyssal Knight began the quest for
                  | the Orb.
     0 | Abyss:1  | Reached XP level 1. HP: 13/13 MP: 4/4
     0 | Abyss:1  | magus.rc [v1.9.10]
    51 | Abyss:1  | Found a corrupted altar of Lugonu.
    91 | Abyss:1  | Found a corrupted altar of Lugonu.
   122 | Abyss:3  | Noticed a tentacled starspawn
   134 | Abyss:3  | Mangled by a tentacled starspawn

Vanquished Creatures (others)
  A starspawn tentacle (Abyss:3)
1 creature vanquished.

Table legend:
 A = Non-vault XP
 B = Vault XP
 C = Vault XP percentage of total XP
 D = Non-vault monster count
 E = Vault monster count
 F = Vault count percentage of total count
                 A         B        C        D         E       F
            +---------+---------+-------+---------+---------+-------
      Total |       0 |       0 |   N/A |       0 |       0 |  -nan
            +---------+---------+-------+---------+---------+-------
            +---------+---------+-------+---------+---------+-------

Illustrated notes

Table legend: (Time is in decaauts)
 A = Elapsed time spent in this place.
 B = Non-inter-level travel time spent in this place.
 C = Inter-level travel time spent in this place.
 D = Time resting spent in this place.
 E = Time spent auto-exploring this place.
 F = Levels seen in this place.
 G = Mean time per level.
                   A        B        C        D        E       F      G
               +--------+--------+--------+--------+--------+-----+--------+
         Total |    132 |    132 |      0 |      0 |     81 |   3 |   44.0 |
         Abyss |    132 |    132 |      0 |      0 |     81 |   3 |   44.0 |
               +--------+--------+--------+--------+--------+-----+--------+

Top non-repeatable levels by time:
 Abyss:1: 99 daAuts
 Abyss:2: 20 daAuts
 Abyss:3: 12 daAuts
